 Dungeon Crawl Stone Soup version 0.28.0 (webtiles) character file.

Game seed: 13017570045992798676

969 inmateoo the Ruffian (level 7, -2/70 (71) HPs)
             Began as a Troll Monk on Feb 10, 2022.
             Slain by a wight (11 damage)
             ... on level 6 of the Dungeon.
             The game lasted 00:02:18 (2443 turns).

inmateoo the Ruffian (Troll Monk)                   Turns: 2443, Time: 00:02:18

HP:   -2/70 (71)    AC:  4    Str: 22    XL:     7   Next: 94%
MP:   6/6           EV: 11    Int:  6    God:
Gold: 169           SH:  0    Dex: 12    Spells: 6/6 levels left

rFire   . . .      SeeInvis .     - Unarmed
rCold   . . .      Faith    .   (no shield)
rNeg    . . .      Spirit   .   a - +0 robe
rPois   .          Reflect  .   (helmet restricted)
rElec   .          Harm     .   (no cloak)
rCorr   .          Rampage  .   (gloves unavailable)
Will    .....                   (boots unavailable)
Stlth   ++........              l - amulet of regeneration
HPRegen 1.81/turn               (no ring)
MPRegen 0.10/turn               (no ring)

@: lightly drained
A: large, unfitting armour, claws 3, regeneration 1, shaggy fur 1, tough skin 1
a: no special abilities


You were on level 6 of the Dungeon.
You visited 1 branch of the dungeon, and saw 6 of its levels.

You collected 169 gold pieces.

Inventory:

Armour
 a - a +0 robe (worn)
Jewellery
 l - an amulet of regeneration (around neck)
 r - a ring of willpower
Wands
 h - a wand of paralysis (1)
 n - a wand of acid (1)
Scrolls
 b - 4 scrolls of identify {unknown}
 d - a scroll of torment {unknown}
 g - 2 scrolls of enchant weapon {unknown}
 j - a scroll of summoning {unknown}
 k - 2 scrolls of blinking {unknown}
 m - 2 scrolls of brand weapon {unknown}
 p - a scroll of acquirement {unknown}
 q - a scroll of teleportation {unknown}
Potions
 c - a potion of degeneration {unknown}
 e - 6 potions of curing {unknown}
 f - a potion of lignification {unknown}
 i - 2 potions of heal wounds {unknown}
 o - a potion of ambrosia {unknown}


   Skills:
 + Level 4.4 Fighting
 + Level 4.4 Dodging
 - Level 1.0 Stealth
 * Level 7.1 Unarmed Combat


You had 6 spell levels left.
You didn't know any spells.
Your spell library was empty.

Dungeon Overview and Level Annotations

Branches:
Dungeon (6/15)
 Temple: D:4-7

Altars:

Shops:
D:3 (


Innate Abilities, Weirdness & Mutations

You are too large for most types of armour.
You have claws for hands.
Your natural rate of healing is unusually fast.
You are covered in fur. (AC +1)
You have tough skin. (AC +1)


Message History

The gnoll barely misses you. The gnoll closely misses you.
The gnoll barely misses you.
Things that are here:
a +0 robe; a +0 whip You claw the gnoll!
You kill the gnoll!
The gnoll barely misses you.
You scratch the gnoll but do no damage. The gnoll hits you with a +0 whip.
You mangle the gnoll!!
You kill the gnoll!
No target in view!
There is a stone staircase leading down, spattered with blood here.
Things that are here:
a +0 flail; a gnoll corpse You start resting.
HP restored.
You climb downwards.
The wight closely misses you. The wight completely misses you.
The wight barely misses you.
There is a stone staircase leading up here.
You scratch the wight.
The wight is moderately damaged.
The wight barely misses you. The gnoll misses you.
The wight hits you with a +3 hand axe!
You closely miss the wight.
The wight is moderately damaged.
The wight hits you with a +3 war axe.
The gnoll hits you from afar with a +0 halberd!
You scratch the wight.
The wight is heavily damaged.
The wight closely misses you. The wight hits you with a +3 war axe!
You closely miss the wight.
The wight is heavily damaged.
The gnoll closely misses you. The wight hits you with a +3 hand axe!
The wight hits you with a +3 war axe!
The gnoll hits you from afar with a +0 halberd!
* * * LOW HITPOINT WARNING * * *
The wight hits you with a +3 hand axe.
* * * LOW HITPOINT WARNING * * *
The wight hits you with a +3 war axe!
You die...

..........##.###.###......###.###
...........#..... #...#..........
.........#.#..#####...#.......###
.........#.....<............###
.. #.. #.....<.#.#### .
#.##?......^....#
##......#.##..##..
...#...zz..............
........@..........(...
......##.....#....... . ......
#g............
.>...........#......#
....####.....#g.. .... ##.#..# .
!.. ....... ........ .......#


You could see 2 wights and a gnoll.

Vanquished Creatures
  Grinder (D:3)
  A black bear (D:6)
  A necrophage (D:3)
  An ogre (D:6)
  A centaur (D:6)
  A water moccasin zombie (D:6)
  A water moccasin skeleton (D:4)
  A wight (D:5)
  A centaur zombie (D:6)
  A gnoll shaman (D:5)
  An iguana (D:4)
  A howler monkey zombie (D:6)
  2 gnolls (D:5)
  9 adders
  3 worms
  2 dart slugs (D:2)
  4 orcs
  3 endoplasms
  2 giant cockroaches
  5 goblins
  8 hobgoblins
  3 jackals (D:2)
  3 quokkas
  8 ball pythons
  5 bats
  A frilled lizard (D:1)
  10 kobolds
  6 rats
86 creatures vanquished.

Notes
Turn   | Place    | Note
-------+----------+-------------------------------------------
     0 | D:1      | inmateoo the Troll Monk began the quest for the Orb.
     0 | D:1      | Reached XP level 1. HP: 22/22 MP: 0/0
    37 | D:1      | Found a faded altar of an unknown god.
   161 | D:1      | Reached XP level 2. HP: 29/29 MP: 1/1
   914 | D:2      | Reached XP level 3. HP: 24/36 MP: 2/2
  1061 | D:2      | Reached skill level 4 in Unarmed Combat
  1129 | D:2      | Reached XP level 4. HP: 39/44 MP: 3/3
  1345 | D:3      | Found Sufi's Weapon Shoppe.
  1418 | D:3      | Noticed Grinder
  1460 | D:3      | Killed Grinder
  1461 | D:3      | Reached skill level 5 in Unarmed Combat
  1461 | D:3      | Reached XP level 5. HP: 18/53 MP: 4/4
  1461 | D:3      | Reached XP level 6. HP: 21/61 MP: 5/5
  2156 | D:4      | Reached skill level 6 in Unarmed Combat
  2277 | D:4      | You fall into a shaft and drop 2 floors!
  2284 | D:6      | Reached XP level 7. HP: 68/68 MP: 6/6
  2366 | D:6      | Reached skill level 7 in Unarmed Combat
  2374 | D:5      | Entered Level 5 of the Dungeon
  2443 | D:6      | Slain by a wight

Illustrated notes

Levels and vault maps discovered:
D:1:      dpeg_arrival_arbitrary_a, layout_basic,
          shapermc_ecumenical_altar_pompeii
D:2:      layout_rooms, fountainhead
D:3:      layout_loops_ring, serial_shops, nicolae_shop_bloodbath_and_beyond,
          kennysheep_donut, minmay_fractal_squares_5, uniq_grinder
D:4:      layout_basic, kennysheep_path_1
D:5:      layout_loops_ring, minmay_manual_moon, uniq_eustachio
D:6:      layout_rooms, minmay_checkerbox

Skill      XL: |  1  2  3  4  5  6  7 |
---------------+----------------------+-----
Unarmed Combat | 4 5 6 7 |  7.1
Fighting       | 3 4 |  4.4
Dodging        | 3 4 |  4.4
Stealth        | |  1.0

Action                   |  1- 3 |  4- 6 |  7- 9 || total
-------------------------+-------+-------+-------++-------
Melee: Unarmed           |   102 |   111 |    38 ||   251
       Punch             |     2 |     4 |     1 ||     7
 Stab: Sleeping          |     6 |     2 |       ||     8
Armor: Robe              |    25 |    25 |       ||    50
Dodge: Dodged            |    42 |    35 |    35 ||   112
Block: Other             |     3 |    16 |       ||    19
